 Dungeon Crawl Stone Soup version 0.28-a0-863-g8cecda6153 (webtiles) character file.

Game seed: 8941667930418352097

140184 siradein the Warrior (level 16, -7/136 HPs)
             Began as a Demonspawn Fighter on Nov 18, 2021.
             Was a Believer of Okawaru.
             Mangled by a seven-headed hydra (11 damage)
             ... on level 4 of the Swamp.
             The game lasted 02:24:24 (32986 turns).

siradein the Warrior (Demonspawn Fighter)          Turns: 32986, Time: 02:24:25

Health: -7/136     AC: 35    Str: 26    XL:     16   Next: 75%
Magic:  0/18       EV: 15    Int: 12    God:    Okawaru [**....]
Gold:   1202       SH: 11    Dex: 20    Spells: 15/15 levels left

rFire   . . .      SeeInvis .   e - +11 falchion of Lies {vorpal, rC+ Str+3}
rCold   + . .      Faith    +   c - +3 buckler {rPois}
rNeg    . . .      Spirit   +   W - +7 chain mail of Marotu {Fly Regen+ Str+3 Dex+6}
rPois   +          Reflect  .   x - +2 hat of the Bear Spirit {Spirit, *Rage Will++}
rElec   .          Harm     .   (cloak unavailable)
rCorr   .          Rampage  .   T - +2 pair of gloves
Will    +++..      Rage     20% O - +2 pair of boots {Stlth+}
Stlth   ..........              I - amulet of faith
HPRegen 1.32/turn               l - +4 ring of slaying
MPRegen 0.16/turn               J - ring of Osmilapy {EV+4 Slay+2}

@: about to teleport, grasped by roots, sanguine armoured, on berserk cooldown,
flying, constricted
A: foul stench 1, powered by pain 2, augmentation 2, sanguine armour 1, weakness
stinger 3, hooves 1, passive freeze, wild magic 1
a: Renounce Religion, Heroism


You were on level 4 of the Swamp.
You worshipped Okawaru.
Okawaru was pleased with you.
You visited 5 branches of the dungeon, and saw 28 of its levels.
You also visited: Ossuary and Gauntlet.

You collected 10857 gold pieces.
You spent 5468 gold pieces at shops.
You paid 4187 gold pieces to Gozag.

Inventory:

Hand Weapons
 e - the +11 falchion of Lies (weapon) {vorpal, rC+ Str+3}
   (You bought it in a shop on level 2 of the Orcish Mines)

   It inflicts extra damage upon your enemies.
   Str:       It affects your strength (+3).
   rC:        It protects you from cold.
 h - a +2 falchion of flaming
 j - the +10 rapier of Breach {antimagic, rElec rF- Dex+8 SInv}
   (You found it in a Gauntlet)

   It reduces the magical energy of the wielder, and disrupts the spells and
   magical abilities of those it strikes.
   Natural abilities and divine invocations are not affected.
   Dex:       It affects your dexterity (+8).
   rF:        It makes you vulnerable to fire.
   rElec:     It insulates you from electricity.
   SInv:      It lets you see invisible.
 V - the +7 long sword of War {freeze, rCorr Int+3}
   (You bought it in a shop on level 11 of the Dungeon)

   It freezes those it strikes, dealing additional cold damage.
   It can also slow down cold-blooded creatures.
   Int:       It affects your intelligence (+3).
   rCorr:     It protects you from acid and corrosion.
Missiles
 s - 37 boomerangs (quivered)
 v - 24 javelins
 E - 9 throwing nets
 S - 9 silver javelins
 Z - 9 curare-tipped darts
Armour
 c - a +3 buckler of poison resistance (worn)
 x - the +2 hat of the Bear Spirit (worn) {Spirit, *Rage Will++}
   (You found it on level 15 of the Dungeon)

   Going berserk makes the wearer tougher, and they're slowed less afterward.
   *Rage:     It berserks you when you make melee attacks (+20% chance).
   Will:      It greatly increases your willpower.
 O - a +2 pair of boots of stealth (worn)
 T - a +2 pair of gloves (worn)
 W - the +7 chain mail of Marotu (worn) {Fly Regen+ Str+3 Dex+6}
   (You bought it in a shop on level 1 of the Swamp)

   Str:       It affects your strength (+3).
   Dex:       It affects your dexterity (+6).
   Fly:       It grants you flight.
   Regen:     It increases your rate of health regeneration.
Jewellery
 l - a +4 ring of slaying (left hand)
 F - the ring "Kump" {rF+ rN+}
   (You found it in a Gauntlet)

   [ring of protection from fire]

   rF:        It protects you from fire.
   rN:        It protects you from negative energy.
 I - an amulet of faith (around neck)
 J - a ring of Osmilapy (right hand) {EV+4 Slay+2}
   (You found it on level 13 of the Dungeon)

   [ring of evasion]

   EV:        It affects your evasion (+4).
   Slay:      It affects your accuracy & damage with ranged weapons and melee
   (+2).
 X - a ring of protection from cold
Wands
 f - a wand of mindburst (26)
 B - a wand of polymorph (36)
 C - a wand of acid (13)
 Q - a wand of flame (92)
 U - a wand of iceblast (30)
 Y - a wand of paralysis (23)
Scrolls
 b - 2 scrolls of blinking
 i - 5 scrolls of fear
 k - a scroll of silence
 n - 2 scrolls of enchant armour
 y - 4 scrolls of magic mapping
 z - 7 scrolls of teleportation
 A - a scroll of identify
 D - 3 scrolls of enchant weapon
 G - 5 scrolls of fog
 L - 3 scrolls of immolation
Potions
 a - 2 potions of ambrosia
 d - 4 potions of might
 g - 4 potions of resistance
 m - 3 potions of magic
 o - 7 potions of lignification
 p - a potion of brilliance
 q - 3 potions of heal wounds
 r - 3 potions of haste
 u - 9 potions of curing
 w - 5 potions of berserk rage
 K - 5 potions of flight
 M - 2 potions of mutation
 N - 4 potions of cancellation
 P - 6 potions of invisibility


   Skills:
 + Level 15.1 Fighting
 + Level 13.8 Long Blades
 - Level 1.1 Slings
 + Level 13.9 Armour
 + Level 8.8 Dodging
 + Level 14.0 Shields
 + Level 2.9 Invocations


You had 15 spell levels left.
You didn't know any spells.
Your spell library contained the following spells:

 Spells                   Type           Power      Damage    Failure   Level
 Apportation              Tloc           0%         N/A       85%         1
 Foxfire                  Conj/Fire      0%         2x1d4     85%         1
 Freeze                   Ice            0%         1d3       85%         1
 Corpse Rot               Necr/Air       0%         N/A       93%         2
 Static Discharge         Conj/Air       0%         N/A       93%         2
 Conjure Flame            Conj/Fire      0%         6-21      99%         3
 Dazzling Flash           Conj/Hex       0%         N/A       99%         3
 Frozen Ramparts          Ice            0%         1d2       99%         3
 Inner Flame              Hex/Fire       0%         N/A       99%         3
 Ozocubu's Armour         Ice            0%         N/A       99%         3
 Dispel Undead            Necr           0%         3d6       100%        4
 Flame Wave               Conj/Fire      0%         3d3       100%        4
 Fulminant Prism          Conj/Hex       0%         3d6       100%        4
 Hailstorm                Conj/Ice       0%         3d3       100%        4
 Ice Form                 Ice/Tmut       0%         N/A       100%        4
 Iskenderun's Mystic Bla  Conj/Tloc      0%         2d3       100%        4
 Sticky Flame             Conj/Fire      0%         2d3       100%        4
 Agony                    Necr           0%         N/A       100%        5
 Alistair's Intoxication  Tmut/Pois      0%         N/A       100%        5
 Freezing Cloud           Conj/Ice/Air   0%         6-21      100%        5
 Lee's Rapid Deconstruct  Erth           0%         3d5*      100%        5
 Silence                  Hex/Air        0%         N/A       100%        5
 Ozocubu's Refrigeration  Ice            0%         4d5       100%        7
 Polar Vortex             Ice            0%         N/A       100%        9
 Animate Dead             Necr           Unusable   N/A       N/A         4
 Summon Ice Beast         Ice/Summ       Unusable   N/A       N/A         4
 Death Channel            Necr           Unusable   N/A       N/A         6
 Simulacrum               Ice/Necr       Unusable   N/A       N/A         6
 Haunt                    Necr/Summ      Unusable   N/A       N/A         7
 Infestation              Necr           Unusable   N/A       N/A         8

Dungeon Overview and Level Annotations

Branches:
Dungeon (15/15)            Temple (1/1) D:4            Lair (6/6) D:11
  Swamp (4/4) Lair:3       Spider (0/4) Lair:4        Slime (0/5) Lair:5
    Orc (2/2) D:10            Elf (0/3) Orc:2        Vaults (0/5) D:13
 Depths (0/4) D:15        Ossuary (visited)         Gauntlet (visited)

Altars:
Cheibriados
Elyvilon
Fedhas
Gozag
Hepliaklqana
Makhleb
Okawaru
Trog
Uskayaw
Vehumet
Wu Jian
Xom
Yredelemnul
Zin
The Shining One
Beogh

Shops:
D:4 *   D:7 !::(   D:11 (   D:14 *   Orc:1 (   Orc:2 (:[*   Lair:4 [
Swamp:1 [

Portals:
Hell: Lair:6


Innate Abilities, Weirdness & Mutations

You may rarely emit foul miasma when damaged in melee.
You sometimes gain power by taking damage.
Your magical and physical power is enhanced at high health.
When seriously injured, your bleeding wounds create armour. (AC +6)
You have a sharp stinger which inflicts weakening toxins.
You have large cloven feet.
A frigid envelope surrounds you and freezes all who hurt you.
Your spells are a little harder to cast, but a little more powerful.


Message History

The seven-headed hydra is very cold.
The seven-headed hydra is heavily wounded.
The seven-headed hydra bites you!
* * * LOW HITPOINT WARNING * * *
The seven-headed hydra is very cold.
The seven-headed hydra is heavily wounded.
You block the seven-headed hydra's attack.
The seven-headed hydra bites you.
* * * LOW HITPOINT WARNING * * *
The seven-headed hydra is very cold.
The seven-headed hydra seems to slow down.
The seven-headed hydra is heavily wounded.
The seven-headed hydra bites you but does no damage.
The seven-headed hydra is very cold.
The seven-headed hydra is severely wounded.
The seven-headed hydra completely misses you.
You feel much better.
You are waved at by a branch.
The thorn hunter hits the briar patch.
The thorn hunter completely misses the briar patch.
The grasping roots constrict you!
* * * LOW HITPOINT WARNING * * *
You block the thorn hunter's attack. The thorn hunter closely misses you.
The swamp dragon barely misses you.
The swamp dragon claws you but does no damage.
The swamp dragon is very cold.
The swamp dragon is moderately wounded.
You block the swamp dragon's attack. The seven-headed hydra bites you.
* * * LOW HITPOINT WARNING * * *
The seven-headed hydra is very cold.
The seven-headed hydra seems to slow down.
The seven-headed hydra is severely wounded.
The seven-headed hydra closely misses you.
The seven-headed hydra bites you!
* * * LOW HITPOINT WARNING * * *
The seven-headed hydra is very cold.
The seven-headed hydra seems to slow down.
The seven-headed hydra is severely wounded.
You block the seven-headed hydra's attack. x3
The seven-headed hydra bites you!
You die...

..≈♣ ##D♣# §.≈≈≈
≈fP.##.. ≈.♣ ....≈
.P♣..... ..♣ ....≈≈
.≈..♣§.≈♣♣♣♣♣ .≈≈≈
..≈..P♣♣≈f♣♣
♣..♣≈..♣.§≈≈
≈P...PP.≈D.♣
♣☼♣.≈§♣≈.≈
PP≈..PP<≈≈<♣♣♣♣♣○°§≈≈♣
PP...PP≈.f♣♣Df♣♣PP≈°♣♣


PP≈♣♣PPPPPP@DDi.PP†.≈♣ P♣ ♣♣♣PPPPPf♣♣≈P♣≈.§♣ ♣PP≈°§.°≈≈♣♣≈≈i♣ ♣♣♣♣≈.≈♣..P.≈≈≈.≈
♣♣♣.≈§.PP.≈§.≈≈≈ ♣≈≈≈≈PP..(.≈≈≈§ .≈♣♣P.P♣≈≈♣.≈≈≈≈ .≈ ♣♣PPP♣♣♣♣♣.≈. ♣♣♣ ≈..♣♣ You
could see 2 thorn hunters, a shambling mangrove (incited), a seven-headed hydra
(berserk, incited, slow), 2 swamp dragons and a spriggan druid (poisoned).

Vanquished Creatures
  Rupert (D:14)
  Mlioglotl (Swamp:1)
  A fenstrider witch (Swamp:3)
  A thorn hunter (Swamp:2)
  An azure jelly (Lair:4)
  An orc warlord (Orc:1)
  A ghoul (Swamp:1)
  A stone giant (D:15)
  Nessos (D:14)
  Azrael (D:13)
  4 bunyips
  A minotaur (Gauntlet)
  2 spark wasps (Swamp:2)
  Snorg (D:10)
  6 eleionomae
  2 shambling mangroves
  A rakshasa (D:14)
  Erolcha (D:13)
  19 hydras
  2 boulder beetles
  A ghost crab (Swamp:2)
  An ogre mage (D:13)
  2 catoblepae
  A vault guard (D:13)
  5 centaur warriors
  9 alligators
  4 two-headed ogres
  10 death yaks
  Urug (D:13)
  3 orc high priests
  2 tengu warriors (D:15)
  A sun demon (Lair:6)
  8 spriggans
  3 spriggan druids
  7 goliath frogs
  A wizard (Lair:6)
  6 bog bodies
  8 swamp dragons
  5 orc knights
  A harpy (shapeshifter) (D:13)
  4 will-o-the-wisps
  2 cyclopes
  6 orc sorcerers (Orc:2)
  15 ugly things
  5 elephants (Lair:6)
  5 black mambas
  Joseph (Lair:1)
  9 cane toads
  3 gargoyles
  6 rime drakes
  11 komodo dragons
  A freezing wraith (D:15)
  2 ice devils
  4 yaktaurs (D:15)
  4 red devils (Lair:6)
  The ghost of TheGamechu the Fighter, an amateur GnWn of Gozag (D:3)
  A hellwing (Lair:6)
  5 polar bears
  7 trolls
  10 blink frogs
  3 jumping spiders (Lair:4)
  Grinder (D:5)
  12 tyrant leeches
  A wolf spider simulacrum (D:12)
  5 hornets
  Prince Ribbit (D:5)
  3 large abominations (Gauntlet)
  3 dream sheep
  6 flying skulls (Gauntlet)
  4 slime creatures
  47 yaks
  6 redbacks (Lair:4)
  8 wyverns
  2 basilisks
  3 fire elementals (D:13)
  2 steam dragons
  19 vampire mosquitoes
  Grum (D:5)
  18 water moccasins
  12 swamp worms
  6 hell hounds
  An acid dragon (D:11)
  A swamp drake (Swamp:3)
  3 sky beasts
  A hornet zombie (D:7)
  37 orc warriors
  An ice beast (D:6)
  A black bear (Lair:3)
  5 necrophages
  8 ogres
  15 wolves
  10 centaurs
  A phantom (D:4)
  3 small abominations (Gauntlet)
  An elf zombie (Ossuary)
  4 kobold brigands
  13 bullfrogs
  5 gnoll sergeants
  4 scorpions
  2 water moccasin skeletons
  A wight (D:7)
  2 electric eels (Lair:3)
  7 howler monkeys
  A bullfrog skeleton (D:5)
  9 hounds
  8 centaur zombies
  A human zombie (Ossuary)
  24 orc priests
  21 jellies
  Jessica (D:3)
  2 gnoll shamans (D:5)
  4 iguanas
  19 orc wizards
  15 hell rats
  2 killer bee zombies
  A hound skeleton (D:4)
  2 mummies (Ossuary)
  2 howler monkey zombies (D:9)
  Robin (D:2)
  32 gnolls
  4 adders
  8 river rats (Lair:3)
  An adder zombie (Ossuary)
  A worm (D:3)
  67 orcs
  2 bats (D:3)
  10 endoplasms
  A giant cockroach (D:4)
  17 goblins
  9 hobgoblins
  6 jackals
  9 kobolds
  16 quokkas
  8 ball pythons
  A frilled lizard (D:3)
  2 goblin zombies (Ossuary)
  10 hobgoblin zombies (Ossuary)
  A jackal skeleton (D:4)
  2 jackal zombies (Ossuary)
  9 kobold zombies (Ossuary)
  7 orc zombies (Ossuary)
  20 rats
  A rat zombie (Ossuary)
876 creatures vanquished.

Vanquished Creatures (others)
  3 bloated husks
  An orc (Orc:2)
  12 briar patches
  16 foxfires
  18 fungi
  41 plants
  4 withered plants (Gauntlet)
95 creatures vanquished.

Grand Total: 971 creatures vanquished

Notes
Turn   | Place    | Note
-------+----------+-------------------------------------------
     0 | D:1      | siradein the Demonspawn Fighter began the quest for the
                  | Orb.
     0 | D:1      | Reached XP level 1. HP: 18/18 MP: 1/1
    14 | D:1      | Found a faded altar of an unknown god.
   158 | D:1      | Gained mutation: When seriously injured, your bleeding
                  | wounds create armour. (AC +6) [demonic ancestry]
   158 | D:1      | Reached XP level 2. HP: 17/24 MP: 2/2
  1166 | D:2      | Gained mutation: You have a small tail. [demonic ancestry]
  1166 | D:2      | Reached XP level 3. HP: 29/29 MP: 3/3
  1927 | D:3      | Found a runed translucent gate.
  1927 | D:3      | Noticed TheGamechu's ghost (amateur GnWn)
  1928 | D:3      | Found a runed translucent gate.
  1929 | D:3      | Found a runed translucent gate.
  1930 | D:3      | Identified the +3 ring mail "Fiffaaq" {rPois rCorr}
  2051 | D:3      | Gained mutation: You may rarely emit foul miasma when
                  | damaged in melee. [demonic ancestry]
  2051 | D:3      | Reached XP level 4. HP: 19/36 MP: 4/4
  2729 | D:3      | Noticed an ogre
  2740 | D:3      | Killed an ogre
  2741 | D:3      | Reached skill level 4 in Fighting
  2741 | D:3      | Reached XP level 5. HP: 31/42 MP: 5/5
  2846 | D:3      | Noticed Jessica
  2859 | D:3      | Killed Jessica
  2980 | D:3      | Noticed Robin
  3000 | D:2      | Killed Robin
  3155 | D:3      | Found an ornate altar of the Wu Jian Council.
  3416 | D:4      | Reached XP level 6. HP: 47/48 MP: 6/6
  3677 | D:4      | Noticed a sky beast
  3688 | D:4      | Killed a sky beast
  3689 | D:4      | Gained mutation: You sometimes gain a little power by
                  | taking damage. [demonic ancestry]
  3689 | D:4      | Reached XP level 7. HP: 49/55 MP: 7/7
  3908 | D:4      | Found Ejarch's Neck Hole.
  3921 | D:4      | Found a staircase to the Ecumenical Temple.
  3930 | Temple   | Entered the Ecumenical Temple
  3988 | Temple   | Became a worshipper of Gozag Ym Sagoz the Greedy
  4114 | D:4      | Identified the +2 hunting sling "Spiderbane" {vorpal, rElec
                  | rC+}
  4252 | D:5      | Entered Level 5 of the Dungeon
  4254 | D:5      | Noticed Prince Ribbit
  4268 | D:5      | Killed Prince Ribbit
  4269 | D:5      | Reached skill level 5 in Fighting
  4562 | D:5      | Reached skill level 5 in Shields
  4565 | D:5      | Reached skill level 5 in Armour
  4565 | D:5      | Gained mutation: You have a tail ending in a sharp stinger.
                  | [demonic ancestry]
  4565 | D:5      | Reached XP level 8. HP: 50/63 MP: 8/8
  5194 | D:5      | Reached skill level 6 in Fighting
  5194 | D:5      | Reached skill level 5 in Long Blades
  6402 | D:5      | Noticed Grinder
  6438 | D:5      | Killed Grinder
  6439 | D:5      | Gained mutation: You sometimes gain power by taking damage.
                  | [demonic ancestry]
  6439 | D:5      | Reached XP level 9. HP: 52/71 MP: 9/9
  6927 | D:5      | Noticed Grum
  6935 | D:5      | Killed Grum
  6936 | D:5      | Reached skill level 7 in Fighting
  7074 | D:4      | Bought an amulet of regeneration for 330 gold pieces
  7173 | D:6      | Found a shimmering altar of Xom.
  8071 | D:7      | Found a sand-covered staircase.
  8087 | Ossuary  | Entered an ossuary
  8536 | D:7      | Gained mutation: You have a sharp stinger which inflicts
                  | weakening toxins. [demonic ancestry]
  8536 | D:7      | Reached XP level 10. HP: 80/80 MP: 10/10
  8587 | D:7      | Found Taucsuxi's Book Emporium.
  8607 | D:7      | Found Ofergh's Antique Weapon Shop.
  8789 | D:7      | Found Jigarphah's Distillery.
  8798 | D:7      | Bought a potion of mutation for 104 gold pieces
  8798 | D:7      | Bought a potion of curing for 39 gold pieces
  8798 | D:7      | Bought a potion of heal wounds for 65 gold pieces
  8897 | D:7      | Found Woged's Book Boutique.
  9324 | D:8      | Found a bloodstained altar of Trog.
  9363 | D:8      | Reached skill level 8 in Fighting
 10293 | D:9      | Noticed a cyclops
 10307 | D:9      | Killed a cyclops
 10647 | D:10     | Entered Level 10 of the Dungeon
 10799 | D:10     | Found a staircase to the Orcish Mines.
 10816 | D:10     | Noticed Snorg
 10835 | D:10     | Killed Snorg
 10836 | D:10     | Reached skill level 9 in Fighting
 10981 | D:10     | Reached XP level 11. HP: 89/89 MP: 11/11
 11326 | D:10     | Noticed a three-headed hydra
 11342 | D:10     | Killed a one-headed hydra
 11451 | D:7      | Bought a potion of cancellation for 104 gold pieces
 11451 | D:7      | Bought a potion of mutation for 104 gold pieces
 11451 | D:7      | Bought a potion of ambrosia for 104 gold pieces
 11451 | D:7      | Bought a potion of curing for 39 gold pieces
 11451 | D:7      | Bought a potion of might for 52 gold pieces
 11451 | D:7      | Bought a potion of might for 52 gold pieces
 11451 | D:7      | Gained mutation: Your magical capacity is low. (-10% MP)
                  | [potion of mutation]
 11452 | D:7      | Lost mutation: Your magical capacity is low. (-10% MP)
                  | [potion of mutation]
 11452 | D:7      | Gained mutation: You have hidden genetic potential. [potion
                  | of mutation]
 11452 | D:7      | Gained mutation: You are strong-willed. (Will+) [potion of
                  | mutation]
 11452 | D:7      | Lost mutation: You are strong-willed. (Will+) [potion of
                  | mutation]
 11779 | D:11     | Found a staircase to the Lair.
 12115 | D:11     | Identified the +1 spear "Demonspawn's Death" {protect,
                  | Contam Fly Stlth+}
 12196 | D:11     | Noticed a two-headed ogre
 12221 | D:11     | Killed a two-headed ogre
 12281 | D:11     | Reached skill level 10 in Fighting
 12625 | Lair:1   | Entered Level 1 of the Lair of Beasts
 12625 | Lair:1   | Noticed a five-headed hydra
 12768 | D:11     | Killed a one-headed hydra
 12851 | Lair:1   | Noticed Joseph
 12877 | Lair:1   | Killed Joseph
 12937 | D:11     | Bought the +7 long sword of War {freeze, rCorr Int+3} for
                  | 722 gold pieces
 13025 | Lair:1   | Reached XP level 12. HP: 95/98 MP: 12/12
 13525 | Lair:2   | Gained mutation: A frigid envelope surrounds you and
                  | freezes all who hurt you. [hidden potential]
 14240 | Lair:3   | Reached skill level 10 in Armour
 14240 | Lair:3   | Reached skill level 10 in Shields
 14304 | Lair:3   | Found a gate leading to a gauntlet.
 14326 | Gauntlet | Entered a Gauntlet
 14326 | Gauntlet | Found a transporter.
 14329 | Gauntlet | Noticed a catoblepas
 14336 | Gauntlet | Found a transporter.
 14347 | Gauntlet | Found a transporter.
 14350 | Gauntlet | Found a transporter.
 14359 | Gauntlet | Found a transporter.
 14371 | Gauntlet | Noticed a great orb of eyes
 14374 | Gauntlet | Found a transporter.
 14385 | Gauntlet | Found a transporter.
 14397 | Gauntlet | Found a transporter.
 14413 | Gauntlet | Found a transporter.
 14426 | Gauntlet | Found a transporter.
 14426 | Gauntlet | Found a transporter.
 14469 | Gauntlet | Found a transporter.
 14483 | Gauntlet | Found a transporter.
 14496 | Gauntlet | Found a transporter.
 14591 | Gauntlet | Killed a catoblepas
 14592 | Gauntlet | Reached skill level 11 in Fighting
 14718 | Gauntlet | Reached skill level 10 in Long Blades
 14745 | Gauntlet | Identified the +10 rapier of Breach {antimagic, rElec rF-
                  | Dex+8 SInv}
 14813 | Gauntlet | Identified the ring "Kump" {rF+ rN+}
 14890 | Gauntlet | Noticed a minotaur
 14895 | Gauntlet | Killed a minotaur
 15075 | Lair:3   | Noticed a death yak
 15125 | Lair:3   | Noticed a death yak
 15126 | Lair:3   | Noticed a death yak
 15126 | Lair:3   | Noticed a death yak
 15127 | Lair:3   | Noticed a death yak
 15208 | Lair:2   | Killed a death yak
 15253 | Lair:2   | Killed a death yak
 15283 | Lair:2   | Killed a death yak
 15398 | Lair:2   | Killed a death yak
 15410 | Lair:3   | Killed a death yak
 15411 | Lair:3   | Reached XP level 13. HP: 90/106 MP: 13/13
 15439 | Lair:3   | Found a staircase to the Swamp.
 15540 | Lair:3   | Gained mutation: Your muscles are strong. (Str +2) [hidden
                  | potential]
 15540 | Lair:3   | Lost mutation: You have hidden genetic potential. [hidden
                  | potential expressed]
 16487 | Lair:4   | Reached skill level 12 in Fighting
 16553 | Lair:4   | Bought a glowing buckler for 270 gold pieces
 16584 | Lair:4   | You fall into a shaft and drop 2 floors!
 16584 | Lair:6   | Entered Level 6 of the Lair of Beasts
 16671 | Lair:5   | Identified the +5 scimitar of Hetyvine {vorpal, Fragile
                  | rPois Will+ Str+4}
 16677 | Lair:5   | Found a staircase to the Slime Pits.
 16770 | Lair:4   | Reached skill level 1 in Dodging
 16853 | Lair:4   | Found a hole to the Spider Nest.
 17014 | Lair:4   | Noticed an azure jelly
 17026 | Lair:4   | Killed an azure jelly
 18721 | Lair:5   | Reached XP level 14. HP: 48/116 MP: 14/14
 19805 | Lair:6   | Found a burning altar of Makhleb.
 19838 | Lair:6   | Reached skill level 13 in Fighting
 20190 | Lair:6   | Found a gateway to Hell.
 20463 | Orc:1    | Entered Level 1 of the Orcish Mines
 20874 | Lair:4   | Bought quicksilver dragon scales for 2160 gold pieces
 21147 | Orc:2    | Entered Level 2 of the Orcish Mines
 21516 | Orc:2    | Reached skill level 5 in Dodging
 21529 | Orc:2    | Noticed an orc warlord
 21739 | Orc:1    | Killed an orc warlord
 21946 | Orc:2    | Paralysed by an orc sorcerer for 2 turns
 21948 | Orc:2    | HP: 1/118 [orc warrior (16)]
 22181 | Orc:2    | Found Plog's Antique Armour Shoppe.
 22182 | Orc:2    | Found Gekleuf's Antique Weapon Emporium.
 22184 | Orc:2    | Found Icek's General Store.
 22184 | Orc:2    | Found Riphig's Book Shoppe.
 22191 | Orc:2    | Bought an encrusted falchion for 232 gold pieces
 22191 | Orc:2    | Identified the +11 falchion of Lies {vorpal, rC+ Str+3}
                  | (You bought it in a shop on level 2 of the Orcish Mines)
 22417 | Orc:2    | Found a staircase to the Elven Halls.
 22886 | Orc:1    | Found Mitami's Weapon Emporium.
 23202 | D:3      | Killed TheGamechu's ghost
 24200 | D:13     | Gained mutation: Your magical and physical power is
                  | slightly enhanced at high health. [demonic ancestry]
 24200 | D:13     | Reached XP level 15. HP: 109/124 MP: 15/15
 24283 | D:13     | Noticed Urug
 24445 | D:13     | Noticed Erolcha
 24457 | D:13     | Killed Erolcha
 24575 | D:13     | Identified the +7 plate armour "Qybriab" {*Slow rPois rCorr
                  | SInv}
 24600 | D:13     | Found a gate to the Vaults.
 24651 | D:13     | Noticed Azrael
 24671 | D:13     | Killed Azrael
 25032 | D:13     | Killed Urug
 25039 | D:13     | Identified a ring of Osmilapy {EV+4 Slay+2}
 25193 | D:14     | Noticed Nessos
 25214 | D:14     | Killed Nessos
 25839 | D:14     | Found a blossoming altar of Fedhas.
 25879 | D:14     | Noticed Rupert
 25891 | D:14     | Killed Rupert
 25892 | D:14     | Reached skill level 14 in Fighting
 26121 | D:15     | Entered Level 15 of the Dungeon
 26124 | D:15     | Found a radiant altar of Vehumet.
 26406 | D:15     | Found a staircase to the Depths.
 26578 | D:15     | Found the +2 hat of the Bear Spirit {Spirit, *Rage Will++}
 26993 | Swamp:1  | Entered Level 1 of the Swamp
 27241 | Swamp:1  | Identified a scroll of acquirement
 27242 | Swamp:1  | Acquired 1026 gold pieces
 27245 | Swamp:1  | Bought the +7 chain mail of Marotu {Fly Regen+ Str+3 Dex+6}
                  | for 877 gold pieces
 27698 | Swamp:1  | Gained mutation: Your magical and physical power is
                  | enhanced at high health. [demonic ancestry]
 27698 | Swamp:1  | Reached XP level 16. HP: 134/134 MP: 11/16
 27916 | Swamp:1  | Bought a +1 pair of boots of stealth for 214 gold pieces
 27939 | Swamp:2  | Noticed Mlioglotl
 27960 | Swamp:1  | Killed Mlioglotl
 28125 | Swamp:2  | Noticed a thorn hunter
 28162 | Swamp:2  | Killed a thorn hunter
 29222 | Temple   | Fell from the grace of Gozag
 29222 | Temple   | Became a worshipper of Warmaster Okawaru
 29524 | Swamp:3  | Identified the +3 dagger "Ninim" {elec, rF+ rCorr Int+2
                  | Dex-5}
 29617 | Swamp:3  | Reached skill level 1 in Invocations
 29724 | Swamp:3  | Reached skill level 15 in Fighting
 29729 | Swamp:3  | Identified the +10 fustibalus of the Desolation of Salt
                  | {vorpal, Contam rN+ Dex+2}
 32357 | Swamp:3  | Identified the +8 war axe "Caneuryj" {vorpal, Fly rPois
                  | Str-4 SInv}
 32368 | Swamp:3  | Gained mutation: Potions are less effective at restoring
                  | your health. [mutagenic glow]
 32844 | Swamp:4  | Entered Level 4 of the Swamp
 32875 | Swamp:3  | Reached * piety under Okawaru
 32876 | Swamp:3  | Reached skill level 1 in Slings
 32908 | Swamp:3  | Lost mutation: Your muscles are strong. (Str +2) [potion of
                  | mutation]
 32908 | Swamp:3  | Lost mutation: Potions are less effective at restoring your
                  | health. [potion of mutation]
 32908 | Swamp:3  | Gained mutation: You have large cloven feet. [potion of
                  | mutation]
 32908 | Swamp:3  | Gained mutation: Your spells are a little harder to cast,
                  | but a little more powerful. [potion of mutation]
 32915 | Swamp:4  | Noticed a thorn hunter
 32923 | Swamp:4  | Noticed a thorn hunter
 32933 | Swamp:3  | Reached ** piety under Okawaru
 32986 | Swamp:4  | HP: 4/136 [seven-headed hydra (11)]
 32986 | Swamp:4  | Mangled by a seven-headed hydra

Illustrated notes

Levels and vault maps discovered:
D:1:      moated_graveyard_arrival, layout_basic,
          chequers_ecumenical_altar_simple
D:2:      layout_basic
D:3:      kennysheep_six_static_rooms, layout_loops_ring, lemuel_round_altar,
          biasface_ghost_orc_armoury, minivault_14, nicolae_underground_beach,
          uniq_robin, uniq_jessica
D:4:      layout_gridville, minmay_temple_entry_overgrown,
          nicolae_shop_sticking_my_neck_out
D:5:      layout_cave_pools, serial_gnoll_camp, gnoll_camp_mini_sergeant,
          gnoll_camp_medium_01, grums_kennel, gnoll_camp_medium_02,
          kennysheep_pointless_box, uniq_grinder, uniq_prince_ribbit1
D:6:      layout_basic, xom_teletrap_fun, hangedman_glass_teeth
D:7:      layout_basic, serial_shops, shop, nicolae_shop_statue_plus, shop,
          nicolae_shop_crystal, enter_ossuary_1, st_stairs_9, kennysheep_doodads
D:8:      layout_loops_cross, mainiacjoe_overflow_alcove_2
D:9:      layout_roguey
D:10:     layout_cave_pools, david_orc_3, serial_glass, glass_columns_c,
          glass_columns_a, glass_columns_b, glass_columns_a, glass_columns_a,
          glass_columns_c, glass_columns_a, glass_columns_a,
          minmay_strange_pillars, due_unseen_surprise, item_on_display_a,
          hangedman_ranch, uniq_snorg
D:11:     layout_gridville, minmay_lair_entry_grove, minmay_misc_feat_diagonals
D:12:     layout_long_grid, grunt_ministairs_13
D:13:     layout_loops_ring, david_vaults_5, minivault_21, grunt_decor_clamped,
          uniq_urug, uniq_erolcha, uniq_azrael
D:14:     layout_basic, grunt_decor_cap, fedhas_altar_2, uniq_nessos,
          uniq_rupert
D:15:     grunt_enter_depths_snipers, layout_basic, nicolae_vehumet_radiance
Temple:   mainiacjoe_temple_bowtie_tessellation
Lair:1:   layout_roguey, infiniplex_staircase_pool_2, uniq_joseph
Lair:2:   layout_gridlike, st_stairs_13
Lair:3:   lemuel_ratsnest, layout_long_grid, skrybe_swamp_entry_bodies,
          gauntlet_entry_generic, gammafunk_lair_bear_cave,
          infiniplex_staircase_pool
Lair:4:   layout_regular_city, nicolae_spider_entry_tight_spaces,
          nicolae_lair_time_for_slime, grunt_megastairs_4
Lair:5:   layout_roguey, minmay_slime_entry_jelly_boxes, nicolae_lair_lil_pond
Lair:6:   evil_forest, layout_hall_layers, lemuel_fruit_fields
Swamp:1:  layout_basic_swamp, evilmike_swamp_ruin_rubble_2
Swamp:2:  layout_basic_swamp, hangedman_swamp_lotus, swamp_pool3,
          nicolae_swamp_catching_bugs, uniq_mlioglotl
Swamp:3:  layout_basic_swamp, serial_swamp_ruin, evilmike_swamp_ruin_house_3,
          evilmike_swamp_ruin_house_6, evilmike_swamp_ruin_house_5
Swamp:4:  swamp_alternative, layout_basic_swamp, gammafunk_ghost_arena
Orc:1:    nicolae_orc_accident_3, layout_diamond_mine, serial_shops,
          nicolae_shop_bloodbath_and_beyond
Orc:2:    st_orc_congregation, layout_diamond_mine

Skill      XL: |  1  2  3  4  5  6  7  8  9 10 11 12 13 14 15 16 |
---------------+-------------------------------------------------+-----
Long Blades    | 2 3 4 5 6 8 9 10 11 12 13 | 13.8
Shields        | 3 4 5 6 7 8 9 10 11 12 13 14 | 14.0
Armour         | 3 4 5 6 7 8 9 10 11 12 13 | 13.9
Fighting       | 4 5 6 7 9 10 11 12 13 14 15 | 15.1
Dodging        | 3 5 7 8 |  8.8
Invocations    | 2 |  2.9
Slings         | 1 |  1.1

Action                   |  1- 3 |  4- 6 |  7- 9 | 10-12 | 13-15 | 16-18 || total
-------------------------+-------+-------+-------+-------+-------+-------++-------
Melee: Long sword        |    50 |       |       |   191 |   754 |    91 ||  1086
       Dagger            |    71 |    59 |    62 |   290 |       |       ||   482
       Tailslap          |     4 |    11 |    69 |   128 |   242 |    78 ||   532
       Short sword       |     2 |    52 |   222 |    71 |       |       ||   347
       Falchion          |       |       |   155 |   177 |   452 |   174 ||   958
       Rapier            |       |       |       |       |    79 |       ||    79
Throw: Stone             |       |     8 |     2 |     3 |       |       ||    13
       Boomerang         |       |       |       |     3 |     4 |       ||     7
Invok: Call Merchant     |       |       |       |     1 |     3 |       ||     4
       Potion Petition   |       |       |       |       |     1 |       ||     1
Evoke: Wand              |       |       |       |       |     1 |     1 ||     2
  Use: Scroll            |       |       |     2 |    12 |    10 |     6 ||    30
       Potion            |       |       |       |     5 |     5 |     2 ||    12
 Stab: Distracted        |       |       |     3 |     1 |    10 |     1 ||    15
       Petrified         |       |       |       |       |     3 |       ||     3
       Sleeping          |       |       |       |       |     1 |       ||     1
       Confused          |       |       |       |       |       |     1 ||     1
Armor: Scale mail        |    45 |       |       |       |       |       ||    45
       Chain mail        |    13 |    64 |   214 |       |    11 |   115 ||   417
       Leather armour    |       |       |     2 |   230 |   101 |       ||   333
       Quicksilver drago |       |       |       |       |   171 |       ||   171
Dodge: Dodged            |    45 |    34 |   126 |   414 |   606 |   166 ||  1391
Block: Buckler           |    19 |    20 |   103 |   209 |   413 |   132 ||   896
       Kite shield       |       |       |       |       |    18 |       ||    18

Table legend: (Time is in decaauts)
 A = Elapsed time spent in this place.
 B = Non-inter-level travel time spent in this place.
 C = Inter-level travel time spent in this place.
 D = Time resting spent in this place.
 E = Time spent auto-exploring this place.
 F = Levels seen in this place.
 G = Mean time per level.
                   A        B        C        D        E       F      G
               +--------+--------+--------+--------+--------+-----+--------+
         Total |  32737 |  28513 |   4224 |   1280 |  20380 |  30 | 1091.2 |
       Dungeon |  18161 |  15478 |   2683 |    536 |  11818 |  15 | 1210.7 |
        Temple |    113 |     60 |     53 |      0 |     48 |   1 |  113.0 |
          Lair |   7682 |   6654 |   1028 |    177 |   4798 |   6 | 1280.3 |
         Swamp |   3274 |   3038 |    236 |    341 |   1882 |   4 |  818.5 |
  Orcish Mines |   2540 |   2317 |    223 |    225 |   1283 |   2 | 1270.0 |
       Ossuary |    275 |    275 |      0 |      0 |    129 |   1 |  275.0 |
      Gauntlet |    689 |    689 |      0 |      0 |    420 |   1 |  689.0 |
               +--------+--------+--------+--------+--------+-----+--------+

Top non-repeatable levels by time:
     D:5: 2546 daAuts
  Lair:3: 1669 daAuts
     D:3: 1620 daAuts
  Lair:4: 1548 daAuts
     D:4: 1479 daAuts
    D:11: 1459 daAuts
  Lair:6: 1449 daAuts
 Swamp:1: 1309 daAuts
   Orc:1: 1282 daAuts
   Orc:2: 1257 daAuts
    D:10: 1221 daAuts
    D:14: 1179 daAuts
     D:6: 1082 daAuts
     D:7: 1081 daAuts
  Lair:5: 1074 daAuts
